 Dungeon Crawl Stone Soup version 0.29.0-7-g18a832c13a (webtiles) character file.

Game seed: 5132777126117533370

81 snetch the Trooper (level 4, -3/37 HPs)
             Began as a Djinni Chaos Knight on Aug 30, 2022.
             Was a Plaything of Xom.
             Killed from afar by a white imp (10 damage)
             ... with a puff of frost
             ... summoned by Natasha
             ... on level 2 of the Dungeon.
             The game lasted 00:05:06 (1544 turns).

snetch the Trooper (Djinni Chaos Knight)            Turns: 1544, Time: 00:05:07

Health: -3/37      AC:  7    Str: 11    XL:     4   Next: 68%
Gold:   31         EV: 16    Int: 16    God:    Xom [..*...] SH:  0 Dex: 12

rFire   + + .      SeeInvis .   a - +0 falchion (chaos)
rCold   x . .      Faith    .   (no shield)
rNeg    . . .      Spirit   .   b - +2 leather armour
rPois   ∞          Reflect  .   (no helmet)
rElec   .          Harm     .   (no cloak)
rCorr   .          Rampage  .   (no gloves)
Will    .....                   (boots unavailable)
Stlth   +.........              (no amulet)
HPRegen 0.12/turn               k - +4 ring of evasion
MPRegen 0.00/turn               (no ring)

@: flying, slowed, very slow
A: sickness immunity, fire resistance 2, cold vulnerability 1, float, innate
caster, HP casting, extra vitality 1, iridescent scales 1
a: Renounce Religion


You were on level 2 of the Dungeon.
You worshipped Xom.
You were a toy of Xom.
You visited 1 branch of the dungeon, and saw 3 of its levels.

You collected 31 gold pieces.

Inventory:

Hand Weapons
 a - a +0 falchion of chaos (weapon)
Missiles
 e - 35 stones
 m - 5 poisoned darts
Armour
 b - a +2 leather armour (worn)
Jewellery
 k - a +4 ring of evasion (left hand)
Scrolls
 f - a scroll of enchant armour {unknown}
 h - 2 scrolls of butterflies {unknown}
 i - 2 scrolls of poison {unknown}
 l - a scroll of identify {unknown}
Potions
 d - 2 potions of flight {unknown}
 g - 2 potions of haste {unknown}
 j - a potion of curing {unknown}
Miscellaneous
 c - a piece from Xom's chessboard (3/15) (quivered)


   Skills:
 + Level 3.8 Fighting
 + Level 3.6 Long Blades
 + Level 1.6 Armour
 + Level 2.4 Dodging
 + Level 0.3 Stealth


You had 2 spell levels left.
You knew the following spells:

 Your Spells              Type           Power      Damage    Failure   Level
a - Foxfire               Conj/Fire      0%         2x1d4     32%         1
Your spell library was empty.

Dungeon Overview and Level Annotations

Branches:
Dungeon (3/15)

Altars:

Shops:
D:1 ?

Annotations:
D:2 Natasha


Innate Abilities, Weirdness & Mutations

You are immune to sickness and miasma.
You are immune to poison.
Your flesh is very heat resistant. (rF++)
You are vulnerable to cold. (rC-)
You float through the air rather than walking.
You learn spells naturally, not from books.
Your magical power is your life essence.
You have superior vitality. (+4 MHP)
You are partially covered in iridescent scales. (AC +2)


Message History

You slash the bat!
You kill the bat!
You see here a bat corpse.
Found a scroll labelled WELOAJ CUOMMI.
l - a scroll labelled WELOAJ CUOMMI
Found 3 poisoned darts.
You see here 3 poisoned darts.
m - 3 poisoned darts
Found 2 poisoned darts.
m - 5 poisoned darts (gained 2) Natasha, Servant of Life and Death comes into view.
You can't go up here!
Natasha hisses angrily.
Natasha howls an incantation.
You feel troubled. Natasha casts a spell at you.
You feel yourself slow down.
Natasha hisses.
You make a move on Xom's chessboard...
Natasha is outlined in light.
Natasha casts a spell.
You hit Natasha but do no damage. Natasha casts a spell at you.
The magic dart hits you. Natasha closely misses you.
You slash Natasha!
Natasha seems to grow stronger.
Natasha is heavily wounded.
The white imp misses you. Natasha claws you! The white imp gestures at you.
The puff of frost hits you!
You feel a terrible chill!
* * * LOW HITPOINT WARNING * * *
Natasha howls an incantation.
You feel disoriented. Natasha claws you.
* * * LOW HITPOINT WARNING * * *
You hit Natasha. You burn Natasha.
Natasha is almost dead.
The white imp barely misses you. Natasha barely misses you.
The white imp gestures at you. The puff of frost hits you!
You feel a terrible chill!
Xom roars with laughter!
You die...

########### ......#....
###########....#
#..........5..<######.#
.......)>..h@.........#
#.#######.##.##..######
#.##.###...##########
#.##.#####...#.......
#.##.#.........######
#.##.#......#..#
#.##.#......#..######
########
#.##.#......#.......#
#......#
#......##.####.#


You could see Natasha (strong, corona) and a white imp (summoned).

Vanquished Creatures
  Natasha (D:2)
  A gnoll (D:1)
  An adder (D:2)
  A worm (D:2)
  A dart slug (D:1)
  4 endoplasms (D:1)
  A giant cockroach (D:1)
  3 goblins
  3 hobgoblins (D:1)
  3 ball pythons
  2 bats
  3 kobolds
  2 rats (D:1)
26 creatures vanquished.

Vanquished Creatures (collateral kills)
  3 endoplasms (D:2)
  2 goblins (D:2)
  A ball python (D:2)
6 creatures vanquished.

Grand Total: 32 creatures vanquished

Notes
Turn   | Place    | Note
-------+----------+-------------------------------------------
     0 | D:1      | snetch the Djinni Chaos Knight began the quest for the Orb.
     0 | D:1      | Reached XP level 1. HP: 20/20 MP: 0/0
    79 | D:1      | XOM: silly message
   118 | D:1      | XOM: silly message
   193 | D:1      | Xom revived you
   195 | D:1      | Reached XP level 2. HP: 2/25 MP: 0/0
   197 | D:1      | HP: 1/25 [dart slug/slug dart (1)]
   515 | D:1      | Reached XP level 3. HP: 30/30 MP: 0/0
   515 | D:1      | Learned a level 1 spell: Foxfire
   517 | D:1      | Found Biclievi's Magic Scroll Shop.
   563 | D:1      | XOM: 2-stop teleportation journey
   680 | D:1      | XOM: god gift: scroll labelled GUPTAD OTORRU {god gift}
   850 | D:1      | XOM: give mutation
   850 | D:1      | Gained mutation: You are partially covered in iridescent
                  | scales. (AC +2) [Xom's grace]
   999 | D:2      | Noticed Natasha
  1001 | D:2      | XOM: summons friendly quasit
  1007 | D:2      | Killed Natasha
  1008 | D:2      | Reached XP level 4. HP: 23/37 MP: 0/0
  1111 | D:2      | Found a faded altar of an unknown god.
  1413 | D:2      | XOM: 1-stop teleportation journey
  1537 | D:2      | Noticed Natasha
  1544 | D:2      | Killed from afar by a white imp

Illustrated notes

Levels and vault maps discovered:
D:1:      lemuel_arrival_broad_hall, layout_rooms, serial_shops, shop
D:2:      layout_basic, ebering_ecumenical_altar_abandoned, uniq_natasha
D:3:      cheibrodos_greedy_goblins, layout_basic

Skill      XL: |  1 |
---------------+----+-----
Long Blades    | 3 |  3.6
Fighting       | |  3.8
Armour         | |  1.6
Dodging        | |  2.4
Stealth        | |  0.3

Action                   |  1- 3 |  4- 6 || total
-------------------------+-------+-------++-------
Melee: Falchion          |    59 |    11 ||    70
       Punch             |       |     1 ||     1
Evoke: Piece from Xom's  |       |    13 ||    13
 Stab: Paralysed         |       |     3 ||     3
Armor: Leather armour    |    18 |     1 ||    19
Dodge: Dodged            |    25 |     9 ||    34
